 Dungeon Crawl Stone Soup version 0.31-a0-986-g5e6e4ef867 (webtiles) character file.

Game seed: 13988001405286624019

499 hikkokomori the Trooper (level 7, -6/44 HPs)
             Began as a Gargoyle Fighter on Nov 4, 2023.
             Mangled by an ogre
             ... wielding a +0 giant club
              (11 damage)
             ... on level 5 of the Dungeon.
             The game lasted 00:03:46 (3416 turns).

hikkokomori the Trooper (Gargoyle Fighter)          Turns: 3416, Time: 00:03:47

Health: -6/44      AC: 16    Str: 19    XL:     7   Next: 16%
Magic:  7/7        EV:  7    Int: 11    God:
Gold:   76         SH:  4    Dex:  9    Spells: 6/6 levels left

rFire   . . .        a - +0 flail
rCold   . . .        c - +0 buckler
rNeg    + . .        k - +0 chain mail
rPois   ∞            (no helmet)
rElec   +            (no cloak)
rCorr   .            B - +0 pair of gloves
SInv    .            p - +0 pair of boots
Will    .....        (no amulet) Stlth
                     (no ring)
HPRegen 0.27/turn    (no ring)
MPRegen 0.10/turn

%: no passive effects
@: no status effects
A: sickness immunity, AC +4, negative energy resistance 1, electricity
resistance, torment resistance 1, petrification resistance
a: no special abilities


You were on level 5 of the Dungeon.
You visited 1 branch of the dungeon, and saw 5 of its levels.

You collected 131 gold pieces.
You spent 55 gold pieces at shops.

Inventory:

Hand Weapons
 a - a +0 flail (weapon)
 x - a +1 short sword of draining
 D - a +1 heavy hand axe
Missiles
 i - 4 javelins
 E - 5 atropa-tipped darts
Armour
 b - a +0 scale mail
 c - a +0 buckler (worn)
 k - a +0 chain mail (worn)
 p - a +0 pair of boots (worn)
 B - a +0 pair of gloves (worn)
Talismans
 r - a talisman of death
Wands
 o - a wand of flame (16)
 q - a wand of polymorph (2)
Scrolls
 e - 5 scrolls of teleportation
 f - 4 scrolls of revelation {unknown}
 m - a scroll of vulnerability {unknown}
 t - 2 scrolls of poison {unknown}
 u - a scroll of fog {unknown}
 v - a scroll of immolation {unknown}
 w - a scroll of fear {unknown}
 y - a scroll of enchant armour {unknown}
 A - 2 scrolls of enchant weapon {unknown}
 C - a scroll of summoning {unknown}
 F - 2 scrolls of identify
Potions
 d - a potion of might
 g - 2 potions of haste {unknown}
 h - a potion of brilliance {unknown}
 j - a potion of degeneration {unknown}
 l - a potion of invisibility {unknown}
 n - a potion of enlightenment {unknown}
 s - a potion of cancellation {unknown}
 z - a potion of mutation {unknown}


   Skills:
 + Level 5.2 Fighting
 + Level 4.1 Maces & Flails
 + Level 2.9 Throwing
 - Level 3.2 Armour
 + Level 5.1 Shields


You had 6 spell levels left.
You didn't know any spells.
Your spell library contained the following spells:

 Spells                   Type           Power      Damage    Failure   Level
 Summon Guardian Golem    Hex/Summ       0%         N/A       100%        3
 Cause Fear               Hex            0%         N/A       100%        4
 Fireball                 Conj/Fire      0%         3d3       100%        5
 Orb of Destruction       Conj           0%         9d5       100%        7
 Spellforged Servitor     Conj/Summ      0%         N/A       100%        7
 Dragon's Call            Summ           0%         N/A       100%        9


Dungeon Overview and Level Annotations

Branches:
Dungeon (5/15)
 Temple: D:4-7

Altars:
Yredelemnul

Shops:
D:1 =   D:5 (?[


Innate Abilities, Weirdness & Mutations

You are immune to sickness and miasma.
Your stone body is resilient. (AC +4)
You are immune to poison.
You resist negative energy. (rN+)
You are resistant to electric shocks. (rElec)
You are resistant to unholy torment.
You are immune to petrification.


Message History

The ogre hits you with a +0 giant club!
You are too injured to fight recklessly!
You are too injured to fight recklessly!
You are too injured to fight recklessly!
You are too injured to fight recklessly!
You are too injured to fight recklessly!
You are too injured to fight recklessly!
You are too injured to fight recklessly!
You are too injured to fight recklessly!
You are too injured to fight recklessly!
You are too injured to fight recklessly!
You are too injured to fight recklessly!
You are too injured to fight recklessly!
You are too injured to fight recklessly!
You are too injured to fight recklessly!
You are too injured to fight recklessly!
You are too injured to fight recklessly!
You are too injured to fight recklessly!
You are too injured to fight recklessly!
You are too injured to fight recklessly!
You hit the ogre.
The ogre is moderately wounded.
The ogre barely misses you.
You hit the ogre.
The ogre is moderately wounded.
The jelly jiggles.
You sock the ogre!
The ogre is severely wounded.
The ogre hits you with a +0 giant club.
You thump the ogre!
The ogre is almost dead.
You block the ogre's attack.
You barely miss the ogre.
The ogre is almost dead.
The ogre hits you with a +0 giant club!
* * * LOW HITPOINT WARNING * * *
You barely miss the ogre.
The ogre is almost dead.
The ogre hits you with a +0 giant club!
You die...

##.#...## #.###.##
##. .## #.# #... ##
#)# #..# ##+## #..#
##...## #..###
##.....## #.J$.
##^......## #.O##
#.........####..@##
))........'.(.....#
#...[.....##.....##
##.......###.....#
##.....## #.....#
##)..## .......#
##+## ........#
.......#.#
.........#


You could see an ogre and a jelly.

Vanquished Creatures
  An ice beast (D:5)
  2 iguanas (D:4)
  4 orc wizards (D:5)
  Natasha (thrice) (D:2)
  4 gnolls (D:4)
  4 adders
  A worm (D:2)
  2 dart slugs
  18 orcs
  9 ball pythons
  A bat (D:1)
  11 endoplasms
  3 giant cockroaches
  10 goblins
  6 hobgoblins
  6 kobolds
  2 quokkas
  7 rats
94 creatures vanquished.

Notes
Turn   | Place    | Note
-------+----------+-------------------------------------------
     0 | D:1      | hikkokomori the Gargoyle Fighter began the quest for the
                  | Orb.
     0 | D:1      | Reached XP level 1. HP: 14/14 MP: 1/1
   116 | D:1      | Found Gas Zoyb's Jewellery Shoppe.
   138 | D:1      | Reached XP level 2. HP: 8/19 MP: 2/2
   753 | D:2      | Reached XP level 3. HP: 24/24 MP: 3/3
   805 | D:2      | Noticed Natasha
   816 | D:2      | Killed Natasha
   817 | D:2      | Reached skill level 1 in Throwing
   817 | D:2      | Reached XP level 4. HP: 22/29 MP: 4/4
   872 | D:2      | Noticed Natasha
   880 | D:2      | Killed Natasha
   905 | D:2      | Noticed Natasha
   914 | D:2      | Killed Natasha
   915 | D:2      | Reached XP level 5. HP: 29/33 MP: 5/5
  2600 | D:4      | Reached XP level 6. HP: 23/39 MP: 6/6
  2868 | D:4      | Found a basalt altar of Yredelemnul.
  3064 | D:5      | Entered Level 5 of the Dungeon
  3200 | D:5      | Found Utwyenai's Antique Weapon Emporium.
  3205 | D:5      | Found Veukk's Magic Scroll Emporium.
  3207 | D:5      | Found Ubrumiz's Armour Emporium.
  3213 | D:5      | Bought a scroll of teleportation for 33 gold pieces
  3213 | D:5      | Bought a scroll of identify for 22 gold pieces
  3267 | D:5      | Noticed an ice beast
  3275 | D:5      | Killed an ice beast
  3276 | D:5      | Reached skill level 5 in Fighting
  3276 | D:5      | Reached skill level 5 in Shields
  3349 | D:5      | Reached XP level 7. HP: 36/44 MP: 7/7
  3416 | D:5      | Mangled by an ogre

Illustrated notes

Levels and vault maps discovered:
D:1:      dpeg_arrival_arbitrary_b, layout_loops_ring, serial_shops,
          nicolae_shop_temple_entry_statues_fountains, minmay_misc_feat_plants
D:2:      layout_rooms, uniq_natasha
D:3:      layout_basic, serial_glass, glass_columns_c, glass_columns_b,
          glass_columns_b, glass_columns_b, glass_columns_b
D:4:      layout_basic, nicolae_overflow_hidden_temple
D:5:      layout_loops_corners, fedhas_altar_decomposition, serial_shops,
          nicolae_shop_hallway_stairs, nicolae_shop_distant_corner_stores

Skill      XL: |  1  2  3  4  5  6 |
---------------+-------------------+-----
Fighting       | 4 5 |  5.2
Throwing       | 1 2 |  2.9
Shields        | 4 5 |  5.1
Maces & Flails | 3 4 |  4.1
Armour         | |  3.2

Action                     |  1- 3 |  4- 6 |  7- 9 || total
---------------------------+-------+-------+-------++-------
  Melee: Flail             |    63 |   249 |    42 ||   354
 Armour: Scale mail        |     8 |       |       ||     8
         Chain mail        |    36 |   162 |    33 ||   231
  Dodge: Dodged            |    26 |    80 |     4 ||   110
  Block: Buckler           |    13 |    52 |     7 ||    72

Table legend: (Time is in decaauts)
 A = Elapsed time spent in this place.
 B = Non-inter-level travel time spent in this place.
 C = Inter-level travel time spent in this place.
 D = Time resting spent in this place.
 E = Time spent auto-exploring this place.
 F = Levels seen in this place.
 G = Mean time per level.
                   A        B        C        D        E       F      G
               +--------+--------+--------+--------+--------+-----+--------+
         Total |   3519 |   3367 |    152 |      0 |   2553 |   5 |  703.8 |
       Dungeon |   3519 |   3367 |    152 |      0 |   2553 |   5 |  703.8 |
               +--------+--------+--------+--------+--------+-----+--------+

Top non-repeatable levels by time:
     D:3: 955 daAuts
     D:4: 764 daAuts
     D:2: 720 daAuts
     D:1: 710 daAuts
     D:5: 369 daAuts
